[Event "Titled Tuesday Blitz September 27 Late 2022"]
[White "Perez Ponsa, Federico"]
[Black "Rangel, Daniel"]
[WhiteFideId "117927"]
[BlackFideId "2124475"]
[WhiteElo "2604"]
[BlackElo "2225"]
[Result "0-1"]
[Round "06"]
[TimeControl "180+1"]
[Date "2022.09.28"]
[WhiteClock "0:01:42"]
[BlackClock "0:00:09"]

1. e4 c5 2. Nf3 g6 3. d4 cxd4 4. Nxd4 Bg7 5. c4 Nc6 6. Be3 Nf6 7. Nc3 O-O 8. Be2 Nxd4 9. Bxd4 d6 10. f3 Bd7 11. Qd2 Bc6 12. O-O-O a6 13. h4 b5 14. h5 b4 15. Nd5 Bxd5 16. cxd5 Qa5 17. Kb1 Rfc8 18. hxg6 hxg6 19. g4 Qa4 20. g5 Nh5 21. Bxg7 Kxg7 22. f4 b3 23. axb3 Qxe4+ 24. Ka2 Rc2 25. Bd3 Rxd2 26. Bxe4 Rxd1 27. Rxd1 Nxf4 28. Rc1 Nh3 29. Rc7 Nxg5 30. Bd3 Kf6 31. b4 Nf3 32. Rc6 Ne5 33. Rxa6 Rb8 34. Bc2 Rxb4 35. Ka3 Rd4 36. b4 Rxd5 37. Ba4 Rd3+ 38. Ka2 Rd4 39. b5 Nd3 40. b6 Nc5 41. Ra5 Nxa4 42. b7 Rb4 43. Rxa4 Rxb7 0-1


[Site "https://www.chess.com"]

[Event "Titled Tuesday Blitz September 27 Late 2022"]
[White "Poltorak, Sebastian"]
[Black "Harvey, Marcus R"]
[WhiteFideId "1199498"]
[BlackFideId "400092"]
[WhiteElo "2104"]
[BlackElo "2485"]
[Result "0-1"]
[Round "06"]
[TimeControl "180+1"]
[Date "2022.09.28"]
[WhiteClock "0:00:02"]
[BlackClock "0:00:07"]

1. d4 Nf6 2. c4 e6 3. Nc3 Bb4 4. Nf3 O-O 5. Bg5 c5 6. Rc1 h6 7. Bh4 cxd4 8. Nxd4 Nc6 9. e3 d5 10. Bxf6 Qxf6 11. a3 Bxc3+ 12. Rxc3 Nxd4 13. Qxd4 Qxd4 14. exd4 dxc4 15. Bxc4 Rd8 16. Rd3 b5 17. Bb3 Bb7 18. O-O Rac8 19. Rfd1 Bd5 20. Kf1 a6 21. Bxd5 Rxd5 22. Ke2 Kf8 23. Rc3 Rcd8 24. Ke3 R8d6 25. f4 g5 26. g3 gxf4+ 27. gxf4 Ke7 28. Rd2 Kf6 29. Rc5 Kf5 30. b4 Kg4 31. Ke4 Kh3 32. Rc3+ Kh4 33. Rc5 Rd8 34. Rc7 R8d7 35. Rc5 Kh5 36. Rc3 Kg6 37. Rg2+ Kf6 38. Rd2 Rh5 39. Rc5 Rh3 40. Rd3 Rxh2 41. Rc6 Ra7 42. d5 a5 43. dxe6 Re2+ 44. Kf3 Rxe6 45. Rdd6 axb4 46. axb4 Ra3+ 47. Kg4 Ra4 48. Rxe6+ fxe6 49. Kh5 Rxb4 50. Rc5 Rxf4 0-1


[Site "https://www.chess.com"]

[Event "Titled Tuesday Blitz September 27 Late 2022"]
[White "Popilski, Gil"]
[Black "Kravtsiv, Martyn"]
[WhiteFideId "2809060"]
[BlackFideId "14113147"]
[WhiteElo "2537"]
[BlackElo "2694"]
[Result "0-1"]
[Round "06"]
[TimeControl "180+1"]
[Date "2022.09.27"]
[WhiteClock "0:00:03"]
[BlackClock "0:00:54"]

1. d4 d5 2. c4 e6 3. Nf3 Nf6 4. g3 Bb4+ 5. Nc3 O-O 6. Bg2 b6 7. O-O Bb7 8. cxd5 exd5 9. Ne5 Nbd7 10. Bg5 Be7 11. Rc1 h6 12. Bf4 a6 13. Nxd7 Qxd7 14. Bxc7 b5 15. Be5 Rac8 16. Qb3 Rc4 17. e3 Rfc8 18. Ne2 Ne4 19. Rxc4 Rxc4 20. Rc1 f6 21. Bf4 g5 22. Bb8 Qc8 23. Rxc4 bxc4 24. Qb6 Qxb8 25. Bxe4 dxe4 26. Qe6+ Kf8 27. Nc3 Qc8 28. Qb6 Qc6 29. Qa7 Qc8 30. d5 Bc5 0-1


[Site "https://www.chess.com"]

[Event "Titled Tuesday Blitz September 27 Late 2022"]
[White "Rego, Pedro Filipe"]
[Black "Guz, Ari"]
[WhiteFideId "1904310"]
[BlackFideId "2825759"]
[WhiteElo "2125"]
[BlackElo "1913"]
[Result "1-0"]
[Round "06"]
[TimeControl "180+1"]
[Date "2022.09.28"]
[WhiteClock "0:00:07"]
[BlackClock "0:00:18"]

1. c4 c6 2. d4 d5 3. e3 Nf6 4. Nf3 Bf5 5. Bd3 Bxd3 6. Qxd3 e6 7. O-O Nbd7 8. b3 Bd6 9. Bb2 Qc7 10. Nc3 O-O 11. e4 dxe4 12. Nxe4 Nxe4 13. Qxe4 Nf6 14. Qh4 Rfd8 15. d5 e5 16. dxc6 bxc6 17. c5 Bxc5 18. Bxe5 Qe7 19. Rac1 Rd5 20. Rfe1 Qd8 21. Bb2 h6 22. b4 Bb6 23. Rxc6 Nh7 24. Qe4 Ng5 25. Nxg5 Qxg5 26. h4 Qd2 27. Rc2 Qd3 28. Qxd3 Rxd3 29. a4 a5 30. b5 Rad8 31. Ree2 Rd1+ 32. Kh2 Bd4 33. g3 Bxb2 34. Rxb2 R1d4 35. Ra2 Rb4 36. Reb2 Rdd4 37. Kg2 Kf8 38. b6 Ke7 39. b7 Rd8 40. Rxb4 axb4 41. a5 Kd6 42. a6 Kc6 43. Rb2 Kb6 44. Rxb4+ Ka7 45. Kf3 Rb8 46. Ra4 Kb6 47. Ra2 Ka7 48. Kf4 Re8 49. f3 g6 50. Kg4 Re6 51. h5 f5+ 52. Kf4 gxh5 53. Kxf5 Rb6 54. f4 Rb5+ 55. Kg6 Rb6+ 56. Kg7 Rb5 57. Kxh6 h4 58. gxh4 Rb4 59. h5 Rb5 60. Kh7 Rf5 61. h6 Rxf4 62. Kh8 Rg4 63. h7 Rd4 64. Rb2 Rd8+ 65. Kg7 Rd7+ 66. Kf6 Rd6+ 67. Ke7 Rh6 68. b8=Q+ Kxa6 69. Qb7+ Ka5 70. Qb5# 1-0


[Site "https://www.chess.com"]

[Event "Titled Tuesday Blitz September 27 Late 2022"]
[White "Romanchuk, Viktor"]
[Black "Xiong, Jeffery"]
[WhiteFideId "14109271"]
[BlackFideId "2047640"]
[WhiteElo "2242"]
[BlackElo "2714"]
[Result "0-1"]
[Round "06"]
[TimeControl "180+1"]
[Date "2022.09.28"]
[WhiteClock "0:00:11"]
[BlackClock "0:01:04"]

1. d4 d5 2. c4 e6 3. Nc3 Nf6 4. Nf3 a6 5. cxd5 exd5 6. Bf4 Bd6 7. Bg3 O-O 8. e3 c6 9. Qc2 a5 10. Bd3 Na6 11. a3 Nc7 12. Bh4 h6 13. Rb1 Re8 14. O-O Bg4 15. Nd2 Bd7 16. Bg3 Qe7 17. Rfe1 Bxg3 18. hxg3 Qd6 19. Rbd1 Bg4 20. Rb1 h5 21. f3 Bd7 22. Nf1 Ne6 23. b4 axb4 24. axb4 b5 25. Ne2 Ra3 26. Nf4 Rea8 27. Rb2 R8a4 28. Qd2 Nc7 29. Bc2 Ra8 30. Nd3 Bf5 31. Ne5 Be6 32. Rc1 Nd7 33. Nxd7 Bxd7 34. e4 dxe4 35. fxe4 Ne6 36. Rd1 g6 37. d5 cxd5 38. exd5 Nc7 39. Be4 Re8 40. Bf3 Bf5 41. Re1 Rxe1 42. Qxe1 Nxd5 43. Qe8+ Kg7 44. Rd2 Qb6+ 45. Kh2 Nf6 46. Qe5 Rd3 47. Rxd3 Bxd3 48. Ne3 Be4 49. Bxe4 Qxe3 0-1


[Site "https://www.chess.com"]

[Event "Titled Tuesday Blitz September 27 Late 2022"]
[White "Salinas Herrera, Pablo"]
[Black "Gubajdullin, Alexei"]
[WhiteFideId "3407128"]
[BlackFideId "4141202"]
[WhiteElo "2550"]
[BlackElo "2195"]
[Result "1-0"]
[Round "06"]
[TimeControl "180+1"]
[Date "2022.09.28"]
[WhiteClock "0:00:17"]
[BlackClock "0:00:01"]

1. e4 c6 2. d3 d5 3. Nf3 g6 4. e5 Bg4 5. Nbd2 Bg7 6. h3 Bxf3 7. Nxf3 e6 8. d4 Nd7 9. c3 Ne7 10. Bd3 c5 11. O-O Nc6 12. Be3 cxd4 13. cxd4 Qb6 14. Qd2 O-O 15. Rac1 Rfc8 16. h4 a5 17. h5 a4 18. g3 a3 19. b3 Qa5 20. Qe2 Nb4 21. Bb1 Rc6 22. Rxc6 bxc6 23. hxg6 hxg6 24. Kg2 c5 25. Rh1 cxd4 26. Bxd4 Nc6 27. Ba1 Qc7 28. Rc1 Qb6 29. Rh1 Ra5 30. Rh4 d4 31. Nxd4 Ncxe5 32. Bc3 Rc5 33. Bd2 Rd5 34. Be3 Qd6 35. Nb5 Qc6 36. Na7 Qb7 37. Be4 Nf6 38. Bxd5 Nxd5 39. f3 Nc3 40. Qf1 Nxa2 41. Nb5 Nxf3 42. Qxf3 Qxb5 43. Qa8+ Bf8 44. Rh8+ Kxh8 45. Qxf8+ Kh7 46. Qxf7+ Kh8 47. Qf8+ Kh7 48. Qh6+ Kg8 49. Qxg6+ Kh8 50. Qf6+ Kh7 51. Qh6+ Kg8 52. Qxe6+ Kg7 53. Bd4+ Kf8 54. Qd6+ Ke8 55. Qxa3 Qe2+ 56. Bf2 Qe4+ 57. Kh2 Qh7+ 58. Kg1 Qb1+ 59. Kg2 Qe4+ 60. Kf1 Qb1+ 61. Be1 Qd3+ 62. Kg1 Qd4+ 63. Bf2 Qd1+ 64. Kg2 Qd5+ 65. Kf1 Qd1+ 66. Be1 1-0


[Site "https://www.chess.com"]

[Event "Titled Tuesday Blitz September 27 Late 2022"]
[White "Soham Kamotra"]
[Black "Ernst, Sipke"]
[WhiteFideId "46647490"]
[BlackFideId "1004689"]
[WhiteElo "2082"]
[BlackElo "2436"]
[Result "0-1"]
[Round "06"]
[TimeControl "180+1"]
[Date "2022.09.28"]
[WhiteClock "0:00:02"]
[BlackClock "0:00:46"]

1. d4 Nf6 2. Nf3 d5 3. Bf4 e6 4. e3 Bd6 5. Nbd2 b6 6. c3 c5 7. Bb5+ Bd7 8. Bd3 Qc7 9. Ne5 Nc6 10. Ndf3 Ne4 11. O-O f6 12. Nxc6 Bxf4 13. exf4 Bxc6 14. g3 O-O 15. Re1 Kh8 16. Nd2 f5 17. Nf3 c4 18. Bc2 b5 19. Ne5 Be8 20. a3 a5 21. Qe2 Qb6 22. Kg2 Ra7 23. Qe3 Rg8 24. Re2 Nf6 25. Rae1 h6 26. Nf3 Bf7 27. h4 Re8 28. Qd2 Bh5 29. Re5 Bxf3+ 30. Kxf3 Ne4 31. Bxe4 dxe4+ 32. Kg2 b4 33. d5 Rd8 34. axb4 axb4 35. Rd1 bxc3 36. bxc3 exd5 37. Rxd5 Rxd5 38. Qxd5 Ra2 39. Rd2 Rxd2 40. Qxd2 Qc6 41. Kh2 Kh7 42. Qd8 e3 43. fxe3 Qe4 44. Qd2 Qd3 45. Qe1 Kg6 46. Kg2 Qc2+ 47. Kf3 Kh5 48. Qe2 Qe4+ 49. Kf2+ Kg6 50. g4 fxg4 51. Qxg4+ Kf6 52. Qe2 g6 53. h5 g5 54. fxg5+ Kxg5 55. Ke1 Qh4+ 56. Kd2 Qe4 57. Kc1 Qg4 58. Qf2 Kxh5 59. Qf7+ Kh4 60. Qf6+ Qg5 61. Qd4+ Kg3 62. Qxc4 h5 63. Qc7+ Kg2 0-1


[Site "https://www.chess.com"]

[Event "Titled Tuesday Blitz September 27 Late 2022"]
[White "Sokolovsky, Yahli"]
[Black "Richter, Paul"]
[WhiteFideId "2820242"]
[BlackFideId "2046350"]
[WhiteElo "1920"]
[BlackElo "2552"]
[Result "1/2-1/2"]
[Round "06"]
[TimeControl "180+1"]
[Date "2022.09.28"]
[WhiteClock "0:00:06"]
[BlackClock "0:00:07"]

1. b3 Nf6 2. Bb2 g6 3. d4 Bg7 4. Nf3 O-O 5. g3 d6 6. Bg2 Re8 7. O-O Nbd7 8. c4 c6 9. Nc3 e5 10. dxe5 dxe5 11. e4 Qc7 12. Qe2 Nc5 13. Rfd1 Bg4 14. Ba3 Qa5 15. Bxc5 Qxc5 16. h3 Bxf3 17. Bxf3 Rad8 18. Na4 Qa5 19. Qe3 Bf8 20. Be2 a6 21. c5 Qb4 22. Bc4 Qa5 23. Qf3 Kg7 24. Qe3 Rxd1+ 25. Rxd1 Rd8 26. Rxd8 Qxd8 27. Qc3 Qc7 28. f3 Be7 29. Kg2 Nd7 30. b4 Qd8 31. Qd3 Qc7 32. Qb3 Nf6 33. Bxf7 Qd8 34. Bc4 Qd2+ 35. Kg1 Nh5 36. Qd3 Qe1+ 37. Qf1 Qxg3+ 38. Qg2 Qe1+ 39. Qf1 Qe3+ 40. Qf2 Qc1+ 41. Qf1 Qe3+ 42. Qf2 Qc1+ 43. Qf1 Qc2 44. Qe2 Qc1+ 45. Qf1 1/2-1/2


[Site "https://www.chess.com"]

[Event "Titled Tuesday Blitz September 27 Late 2022"]
[White "Storey, Charles H"]
[Black "Hambleton, Aman"]
[WhiteFideId "406686"]
[BlackFideId "2606577"]
[WhiteElo "2188"]
[BlackElo "2538"]
[Result "1-0"]
[Round "06"]
[TimeControl "180+1"]
[Date "2022.09.28"]
[WhiteClock "0:00:17"]
[BlackClock "0:00:01"]

1. e4 c5 2. Nf3 e6 3. d3 d5 4. Nbd2 Bd6 5. g3 Nc6 6. Bg2 Nge7 7. O-O O-O 8. Re1 Qc7 9. Qe2 f6 10. c3 d4 11. c4 e5 12. a3 g5 13. h4 h6 14. hxg5 fxg5 15. Nh2 Kg7 16. Qh5 Ng8 17. Ng4 Qf7 18. Qxf7+ Rxf7 19. Nh2 g4 20. Bf1 Be6 21. Be2 h5 22. f3 Nh6 23. Ndf1 Rg8 24. Bxh6+ Kxh6 25. fxg4 hxg4 26. Nd2 Rgf8 27. Bxg4 Bxg4 28. Nxg4+ Kg5 29. Nh2 Rf2 30. Rad1 a6 31. Rf1 Rxf1+ 32. Ndxf1 Rb8 33. Kg2 b5 34. Nf3+ Kf6 35. b3 Na5 36. N1d2 bxc4 37. bxc4 Rb2 38. Kh3 Ra2 39. Rf1 1-0


[Site "https://www.chess.com"]

[Event "Titled Tuesday Blitz September 27 Late 2022"]
[White "Svane, Rasmus"]
[Black "Christiansen, Johan-Sebastian"]
[WhiteFideId "4657101"]
[BlackFideId "1512668"]
[WhiteElo "2674"]
[BlackElo "2513"]
[Result "1-0"]
[Round "06"]
[TimeControl "180+1"]
[Date "2022.09.27"]
[WhiteClock "0:00:19"]
[BlackClock "0:00:04"]

1. Nf3 d5 2. g3 Nf6 3. Bg2 e6 4. O-O Be7 5. c4 O-O 6. b3 d4 7. e3 c5 8. Ne5 Qc7 9. f4 Rd8 10. Qf3 Bd6 11. Na3 a6 12. Nd3 Nc6 13. e4 e5 14. f5 h6 15. g4 Nh7 16. h4 Be7 17. Qg3 Rb8 18. Ne1 b5 19. d3 f6 20. Bd2 Nb4 21. Rf2 Bd7 22. Bf1 Be8 23. Nf3 bxc4 24. Nxc4 Nc6 25. g5 fxg5 26. hxg5 hxg5 27. Nxg5 Bxg5 28. Bxg5 Nxg5 29. Qxg5 Qf7 30. Rg2 Kf8 31. Be2 Qf6 32. Qg3 Bf7 33. Rc1 a5 34. Nb2 Rb5 35. Na4 Nb4 36. Rxc5 Rxc5 37. Nxc5 Nxa2 38. Ne6+ Bxe6 39. fxe6 Ke7 40. Rf2 Qh6 41. Qxe5 Qc1+ 42. Kg2 Qh6 43. Rf7+ Ke8 44. Qb5+ 1-0


[Site "https://www.chess.com"]

[Event "Titled Tuesday Blitz September 27 Late 2022"]
[White "Taboas Rodriguez, Daniel"]
[Black "Sibilio, Mario"]
[WhiteFideId "2208466"]
[BlackFideId "800422"]
[WhiteElo "2429"]
[BlackElo "2296"]
[Result "1-0"]
[Round "06"]
[TimeControl "180+1"]
[Date "2022.09.28"]
[WhiteClock "0:00:20"]
[BlackClock "0:00:01"]

1. d4 Nf6 2. Nf3 e6 3. c4 c5 4. e3 d5 5. Nc3 cxd4 6. exd4 Bb4 7. Bg5 O-O 8. cxd5 Qxd5 9. Bxf6 gxf6 10. Bd3 b6 11. O-O Bxc3 12. bxc3 Bb7 13. Re1 Qh5 14. Be4 Bxe4 15. Rxe4 Nc6 16. Rh4 Qg6 17. Rh3 Kh8 18. Rg3 Qf5 19. Nd2 Rg8 20. Rf3 Qg5 21. g3 f5 22. Nc4 Rgd8 23. Qe2 Qg7 24. Re1 b5 25. Ne5 Nxe5 26. dxe5 Rd5 27. Re3 Rad8 28. a3 a6 29. Qh5 Qg6 30. Qh4 Rd2 31. R3e2 Rd1 32. Kg2 h6 33. c4 Qg5 34. Qxg5 hxg5 35. cxb5 axb5 36. Rxd1 Rxd1 37. Rb2 Rd5 38. f4 g4 39. Kf2 Kg7 40. Ke3 f6 41. exf6+ Kxf6 42. Rd2 Rc5 43. Kd4 Rc4+ 44. Kd3 Ra4 45. Rb2 Rxa3+ 46. Kd4 b4 47. Rxb4 Ra2 48. Rb3 1-0


[Site "https://www.chess.com"]

[Event "Titled Tuesday Blitz September 27 Late 2022"]
[White "Thomforde-Toates, Noah"]
[Black "Ibarra Jerez, Jose Carlos"]
[WhiteFideId "30951992"]
[BlackFideId "2226332"]
[WhiteElo "2584"]
[BlackElo "2627"]
[Result "0-1"]
[Round "06"]
[TimeControl "180+1"]
[Date "2022.09.28"]
[WhiteClock "0:00:11"]
[BlackClock "0:00:07"]

1. c4 e5 2. Nc3 Nc6 3. g3 Bc5 4. Bg2 d6 5. Nf3 a6 6. O-O f5 7. d3 Nf6 8. a3 h6 9. b4 Ba7 10. e3 O-O 11. Bb2 f4 12. exf4 exf4 13. d4 Bg4 14. c5 d5 15. Qd3 Ne7 16. Ne5 Bf5 17. Qd2 fxg3 18. fxg3 c6 19. Rae1 Bb8 20. Bc1 Bc7 21. Rxf5 Nxf5 22. Bh3 Ne4 23. Nxe4 dxe4 24. Rxe4 Qd5 25. Bg2 Nxd4 26. Rxd4 Qxe5 27. Bb2 Rae8 28. Re4 Qg5 29. Qxg5 hxg5 30. Rxe8 Rxe8 31. Kf2 Be5 32. Bc1 Bd4+ 33. Kf1 g4 34. Bf4 Rf8 35. Ke1 Bb2 36. Bf1 Bxa3 37. Be2 Bxb4+ 38. Kd1 Bxc5 39. Bxg4 Bd6 40. Be6+ Kh7 41. Bd2 Rf2 42. h4 Bxg3 43. h5 Bf4 44. Bc3 Kh6 45. Bf7 Bg5 46. Bg6 b6 47. Ke1 Rf3 48. Bd4 Be3 49. Ke2 Bxd4 50. Kxf3 c5 51. Ke4 b5 52. Kd5 b4 53. Kc4 Kg5 54. Kb3 Kf4 55. Kc4 Ke3 56. Kb3 Kd2 57. Bf7 a5 58. Bc4 Be5 59. Bf7 Kd3 60. Bg6+ Kd4 61. Bf7 Bd6 62. Be6 c4+ 63. Ka4 b3 64. Bf5 Kc3 65. Kxa5 Kb2 66. Kb5 c3 67. Kc6 c2 68. Kxd6 c1=Q 69. Ke6 Qh6+ 70. Bg6 Kc3 71. Kf7 b2 72. Kg8 Kd2 73. Kf7 Kc1 74. Kg8 0-1


[Site "https://www.chess.com"]

[Event "Titled Tuesday Blitz September 27 Late 2022"]
[White "Tologon tegin, Semetei"]
[Black "Bartel, Mateusz"]
[WhiteFideId "13800574"]
[BlackFideId "1112635"]
[WhiteElo "2174"]
[BlackElo "2526"]
[Result "0-1"]
[Round "06"]
[TimeControl "180+1"]
[Date "2022.09.27"]
[WhiteClock "0:01:33"]
[BlackClock "0:01:25"]

1. Nf3 Nf6 2. g3 b5 3. e3 a6 4. a4 b4 5. Bg2 Bb7 6. O-O a5 7. d4 e6 8. c4 d6 9. b3 Nbd7 10. Bb2 Be7 11. Nbd2 O-O 12. Qc2 c5 13. Rfe1 Rc8 14. Rad1 Qb6 15. Qb1 d5 16. Ne5 Rfd8 17. Ndf3 dxc4 18. Nxc4 Qa7 19. Nfe5 Bxg2 20. Kxg2 Nb6 21. dxc5 Nxc4 22. Nxc4 Qxc5 23. e4 h5 24. h4 Ng4 25. f3 Qf2+ 0-1


[Site "https://www.chess.com"]

[Event "Titled Tuesday Blitz September 27 Late 2022"]
[White "Tristan, Leonardo"]
[Black "Shandrygin, Nikita"]
[WhiteFideId "113816"]
[BlackFideId "24198668"]
[WhiteElo "2404"]
[BlackElo "2323"]
[Result "0-1"]
[Round "06"]
[TimeControl "180+1"]
[Date "2022.09.28"]
[WhiteClock "0:00:01"]
[BlackClock "0:00:07"]

1. d4 Nf6 2. Nf3 e6 3. Bf4 Be7 4. h3 O-O 5. e3 b6 6. Bd3 Bb7 7. Nbd2 d5 8. O-O c5 9. c3 Ne4 10. Qe2 Nd7 11. Rfe1 f5 12. Rad1 c4 13. Bc2 Bc6 14. Ne5 Nxe5 15. Bxe5 Be8 16. f3 Nxd2 17. Qxd2 Bh4 18. g3 Bg5 19. Qh2 Bh5 20. g4 Bg6 21. f4 Be7 22. Re2 Bf6 23. Kh1 Bxe5 24. dxe5 Qe8 25. Rg1 fxg4 26. hxg4 Bxc2 27. Rxc2 Qg6 28. Qg2 Rf7 29. Rd2 Raf8 30. Qf3 b5 31. Rh2 Qd3 32. Rd1 Qg6 33. Kg2 a5 34. a3 b4 35. axb4 axb4 36. cxb4 Qc2+ 37. Kg3 Qb3 38. Rdh1 g6 39. Kh4 d4 40. Rh3 d3 41. Qe4 d2 42. Qf3 Qxb2 43. Kg5 Qxb4 44. Qe4 Qe7+ 45. Kh6 c3 46. f5 Rxf5 47. gxf5 Rxf5 48. Qa8+ Rf8 49. Qe4 c2 50. Qxc2 Rf5 51. Rg3 Qg7# 0-1


[Site "https://www.chess.com"]

[Event "Titled Tuesday Blitz September 27 Late 2022"]
[White "Urazayev, Arystanbek"]
[Black "Janaszak, Dawid"]
[WhiteFideId "13709810"]
[BlackFideId "1119206"]
[WhiteElo "2441"]
[BlackElo "2165"]
[Result "0-1"]
[Round "06"]
[TimeControl "180+1"]
[Date "2022.09.28"]
[WhiteClock "0:00:01"]
[BlackClock "0:00:12"]

1. e4 c5 2. Nf3 Nc6 3. Bb5 e6 4. O-O Nge7 5. c3 a6 6. Bxc6 Nxc6 7. d4 cxd4 8. cxd4 d5 9. exd5 exd5 10. Re1+ Be7 11. Nc3 O-O 12. Qb3 Be6 13. Bf4 Na5 14. Qd1 Rc8 15. Ne5 Nc4 16. Nxc4 Rxc4 17. h3 Qb6 18. Qe2 Qxd4 19. Be5 Qh4 20. Rad1 Rd8 21. b3 Rcc8 22. Rd4 Qh6 23. Rd3 Bf6 24. Bxf6 Qxf6 25. Nxd5 Bxd5 26. Rxd5 g6 27. Rxd8+ Rxd8 28. Qe7 Qxe7 29. Rxe7 Rd1+ 30. Kh2 Rd2 31. a4 b5 32. axb5 axb5 33. Re5 Rxf2 34. Rxb5 h5 35. h4 Kg7 36. Rb7 Kf6 37. b4 Ke6 38. b5 Rf4 39. Kg3 Rg4+ 40. Kh3 Rb4 41. g3 Rb2 42. Rb8 f6 43. b6 Kf5 44. Rb7 Rb3 45. Kg2 Kg4 46. Rg7 Rb2+ 47. Kf1 Kf3 48. Ke1 Rxb6 49. Rxg6 Re6+ 50. Kd2 Rd6+ 51. Kc3 Ke4 52. Kc4 Ra6 53. Rh6 Kf3 0-1


[Site "https://www.chess.com"]

[Event "Titled Tuesday Blitz September 27 Late 2022"]
[White "Vasquez Schroeder, Rodrigo"]
[Black "Domingo Nunez, Ruben"]
[WhiteFideId "3400042"]
[BlackFideId "22245570"]
[WhiteElo "2577"]
[BlackElo "2406"]
[Result "1-0"]
[Round "06"]
[TimeControl "180+1"]
[Date "2022.09.27"]
[WhiteClock "0:00:20"]
[BlackClock "0:00:11"]

1. d4 g6 2. Nf3 Bg7 3. e4 c6 4. Nc3 d5 5. h3 dxe4 6. Nxe4 Nf6 7. Nxf6+ exf6 8. Bc4 O-O 9. O-O a5 10. a4 Na6 11. Re1 Nc7 12. c3 Nd5 13. Nd2 Be6 14. Bf1 Qc7 15. Ne4 b6 16. Qf3 Rad8 17. c4 f5 18. Ng5 Nb4 19. Rxe6 h6 20. Bf4 Qc8 21. Re7 hxg5 22. Bxg5 Rxd4 23. Be3 Qd8 24. Bxd4 Qxe7 25. Bxb6 Bxb2 26. Rb1 Qe5 27. Qe2 Qxe2 28. Bxe2 Bc3 29. Bxa5 Na2 30. Bc7 Ra8 31. Rb8+ Rxb8 32. Bxb8 Ba5 33. Bf3 c5 34. Be5 Nc3 35. Bc6 Kf8 36. Bd6+ Kg7 37. Bxc5 Kf6 38. Kf1 Ke6 39. f4 f6 40. g3 g5 41. h4 gxh4 42. gxh4 Kf7 43. h5 Kg7 44. Kf2 Kh6 45. Kg3 Ne2+ 46. Kf3 Nc3 47. Be8 Ne4 48. Bf8+ Kh7 49. Bg6+ Kg8 50. Be7 Nd2+ 51. Ke2 Nxc4 52. Bxf6 Nd6 53. h6 Nf7 54. h7+ Kf8 55. Bxf7 1-0


[Site "https://www.chess.com"]

[Event "Titled Tuesday Blitz September 27 Late 2022"]
[White "Vlassov, Nikolai"]
[Black "Nogerbek, Kazybek"]
[WhiteFideId "4103360"]
[BlackFideId "13710427"]
[WhiteElo "2324"]
[BlackElo "2458"]
[Result "0-1"]
[Round "06"]
[TimeControl "180+1"]
[Date "2022.09.27"]
[WhiteClock "0:00:03"]
[BlackClock "0:00:25"]

1. e4 c5 2. c3 d5 3. exd5 Qxd5 4. d4 Nf6 5. Nf3 e6 6. a3 Nc6 7. Be3 cxd4 8. cxd4 Be7 9. Nc3 Qd8 10. Bd3 O-O 11. Qc2 h6 12. O-O b6 13. Rad1 Bb7 14. Qd2 Re8 15. h3 Rc8 16. Ne5 Bf8 17. Bb5 Nd5 18. Rfe1 Nxc3 19. bxc3 Qd5 20. c4 Qd8 21. Qb2 Qc7 22. Bf4 Bd6 23. Bg3 Red8 24. Nxc6 Bxc6 25. Bxd6 Qxd6 26. Ba6 Rb8 27. Qc3 b5 28. Bxb5 Bxb5 29. cxb5 Rxb5 30. Rd3 Rd5 31. Red1 Qd7 32. g3 e5 33. Kg2 Rxd4 34. Rxd4 exd4 35. Qc4 d3 36. h4 d2 37. Kf1 h5 38. Qc3 Qd5 39. f3 Qd6 40. Kf2 Qb6+ 41. Qe3 Qb2 42. Ke2 Qb5+ 43. Kf2 Qd7 0-1


[Site "https://www.chess.com"]

[Event "Titled Tuesday Blitz September 27 Late 2022"]
[White "Wagner, Dennis"]
[Black "Yoo, Christopher Woojin"]
[WhiteFideId "24650684"]
[BlackFideId "30909694"]
[WhiteElo "2355"]
[BlackElo "2105"]
[Result "0-1"]
[Round "06"]
[TimeControl "180+1"]
[Date "2022.09.27"]
[WhiteClock "0:00:05"]
[BlackClock "0:00:04"]

1. e4 c5 2. Nf3 e6 3. d4 cxd4 4. Nxd4 Nc6 5. Nc3 Qc7 6. Be3 a6 7. Be2 b5 8. Nxc6 dxc6 9. O-O e5 10. a4 b4 11. Nb1 Nf6 12. Nd2 Be6 13. a5 c5 14. Bc4 Qc6 15. f3 Be7 16. Qe1 Bxc4 17. Nxc4 Qe6 18. b3 Nh5 19. Rd1 O-O 20. Rd5 f6 21. Qd2 g5 22. Rd1 Rad8 23. Qf2 Qc8 24. Nb6 Qc6 25. Nd7 Rfe8 26. Bxc5 Bxc5 27. Rxc5 Rxd7 28. Rdd5 Rxd5 29. exd5 Qd7 30. g3 Ng7 31. Qd2 Nf5 32. Qxb4 Nd4 33. Kg2 g4 34. f4 Qf5 35. Qe1 Nf3 36. Qe3 Kf8 37. d6 Qd7 38. fxe5 Rxe5 39. Qh6+ Kg8 40. Rxe5 Nxe5 41. Qxf6 Qc6+ 42. Kf2 Qxc2+ 43. Ke3 Qd3+ 44. Kf4 Nf7 45. Qe7 Qxd6+ 46. Qxd6 Nxd6 47. b4 Kf7 48. Kxg4 Kf6 49. Kh5 Kg7 50. g4 Ne4 51. g5 Nc3 52. Kg4 Nd5 53. b5 axb5 54. Kf5 b4 55. Ke4 b3 56. Kd3 Kg6 57. h4 Kh5 58. a6 Nb4+ 59. Kc3 Nxa6 60. Kxb3 Kxh4 61. g6 hxg6 0-1


[Site "https://www.chess.com"]

[Event "Titled Tuesday Blitz September 27 Late 2022"]
[White "Zhigalko, Sergei"]
[Black "Rychagov, Andrey"]
[WhiteFideId "13502956"]
[BlackFideId "4119932"]
[WhiteElo "2662"]
[BlackElo "2431"]
[Result "0-1"]
[Round "06"]
[TimeControl "180+1"]
[Date "2022.09.27"]
[WhiteClock "0:00:02"]
[BlackClock "0:00:21"]

1. e4 e6 2. d4 d5 3. e5 c5 4. c3 Qb6 5. Nf3 Nc6 6. a3 Nh6 7. b4 cxd4 8. cxd4 Nf5 9. Be3 Be7 10. Bd3 Bd7 11. O-O O-O 12. Nc3 Nxe3 13. fxe3 Rac8 14. Rc1 f6 15. exf6 Bxf6 16. Na4 Qd8 17. Nc5 b6 18. Nxd7 Qxd7 19. Qa4 Nb8 20. Qxd7 Nxd7 21. Ba6 Rxc1 22. Rxc1 Nb8 23. Bc8 Re8 24. Rc7 a5 25. Kf2 axb4 26. axb4 Bd8 27. Bxe6+ Rxe6 28. Rc8 Re8 29. Ke2 Na6 30. b5 Nc7 31. Ne5 Kf8 32. Nd7+ Ke7 33. Nxb6 Kd6 34. Rb8 Bg5 35. Nc8+ Kd7 36. Nb6+ Ke6 37. Rb7 Kd6 38. Kd3 Rxe3+ 39. Kc2 Nxb5 40. Rxg7 Nxd4+ 41. Kd1 h6 42. g3 Rd3+ 43. Ke1 Nc2+ 44. Ke2 Rd2+ 45. Kf3 Rxh2 46. Rd7+ Kc6 47. Rxd5 Kxb6 48. Kg4 Ne3+ 49. Kf3 Nxd5 0-1


[Site "https://www.chess.com"]

[Event "Titled Tuesday Blitz September 27 Late 2022"]
[White "Adury, Anant"]
[Black "Stoyanov, Tsvetan"]
[WhiteFideId "30964687"]
[BlackFideId "2917173"]
[WhiteElo "2514"]
[BlackElo "2283"]
[Result "1-0"]
[Round "07"]
[TimeControl "180+1"]
[Date "2022.09.28"]
[WhiteClock "0:00:15"]
[BlackClock "0:00:06"]

1. d4 d5 2. c4 e6 3. Nc3 Nf6 4. Bg5 dxc4 5. e3 a6 6. a4 b6 7. Bxc4 Bb7 8. Nf3 Be7 9. O-O O-O 10. Qe2 c5 11. Rfd1 Qc7 12. Rac1 Nbd7 13. d5 exd5 14. Nxd5 Bxd5 15. Bxd5 Nxd5 16. Rxd5 Bxg5 17. Nxg5 Nf6 18. Rdd1 h6 19. Nf3 Qe7 20. Qc4 Rfc8 21. Qc3 b5 22. Qe5 Qf8 23. Rc2 Rab8 24. Rdc1 bxa4 25. h3 Rb5 26. g4 Nd7 27. Qf4 Nb6 28. Qf5 c4 29. Qe4 a3 30. bxa3 Qxa3 31. h4 Rb2 32. Rc3 Rb3 33. R3c2 Qd6 34. Nd4 Rb4 35. Nf5 Qf6 36. Ne7+ Kf8 37. Nxc8 Nxc8 38. Rxc4 Nd6 39. Qa8+ 1-0


[Site "https://www.chess.com"]